 Dungeon Crawl Stone Soup version 0.29-a0-82-g837932c90e (webtiles) character file.

Game seed: 4266021982825607507

133 HallandMoats the Skirmisher (level 4, 0/37 HPs)
             Began as a Demonspawn Fighter on Feb 5, 2022.
             Slain by a hound (5 damage)
             ... on level 3 of the Dungeon.
             The game lasted 00:02:01 (2203 turns).

HallandMoats the Skirmisher (Demonspawn Fighter)    Turns: 2203, Time: 00:02:02

Health: 0/37       AC:  7    Str: 18    XL:     4   Next: 94%
Magic:  5/5        EV:  9    Int: 10    God:
Gold:   105        SH:  4    Dex: 12    Spells: 3/3 levels left

rFire   . . .      SeeInvis .   a - +0 war axe
rCold   . . .      Faith    .   c - +0 buckler
rNeg    . . .      Spirit   .   b - +0 scale mail
rPois   .          Reflect  .   (no helmet)
rElec   .          Harm     .   (no cloak)
rCorr   .          Rampage  .   (no gloves)
Will    .....                   (no boots)
Stlth   ..........              (no amulet)
HPRegen 0.12/turn               (no ring)
MPRegen 0.09/turn               (no ring)

@: mighty
A: sharp scales 1
a: no special abilities


You were on level 3 of the Dungeon.
You visited 1 branch of the dungeon, and saw 3 of its levels.

You collected 105 gold pieces.

Inventory:

Hand Weapons
 a - a +0 war axe (weapon)
Armour
 b - a +0 scale mail (worn)
 c - a +0 buckler (worn)
Scrolls
 e - a scroll of immolation {unknown}
 g - 3 scrolls of teleportation {unknown}
 h - a scroll of holy word {unknown}
 i - a scroll of blinking {unknown}
 k - a scroll of identify {unknown}
Potions
 f - a potion of resistance {unknown}
 j - 3 potions of curing {unknown}


   Skills:
 * Level 3.7 Fighting
 * Level 2.6 Axes
 + Level 3.0 Armour
 + Level 1.1 Dodging
 + Level 3.0 Shields
 * Level 2.6 Invocations


You had 3 spell levels left.
You didn't know any spells.
Your spell library contained the following spells:

 Spells                   Type           Power      Damage    Failure   Level
 Ensorcelled Hibernation  Hex/Ice        0%         N/A       93%         2
 Spider Form              Tmut/Pois      0%         N/A       99%         3
 Anguish                  Hex/Necr       0%         N/A       100%        4


Dungeon Overview and Level Annotations

Branches:
Dungeon (3/15)

Altars:


Innate Abilities, Weirdness & Mutations

You are partially covered in razor-sharp scales. (AC +1, Slay +1)


Message History

An ogre comes into view. It is wielding a +0 giant club.
Found a faded altar of an unknown god.
The ogre shouts!
An ogre is nearby!
An ogre is nearby!
An ogre is nearby!
An ogre is nearby!
An ogre is nearby!
A hound comes into view.
You feel very mighty all of a sudden.
You swing at nothing.
You swing at nothing.
The ogre hits you with a +0 giant club!!
Ouch! That really hurt!
* * * LOW HITPOINT WARNING * * *
You slice the ogre!!
The ogre is severely wounded.
The ogre misses you.
You slash the ogre!
You kill the ogre!
Your Armour skill increases to level 3!
Your Dodging skill increases to level 1!
Your Shields skill increases to level 3!
Your Invocations skill increases to level 2!
You have reached level 4!
You feel clever.
You see here a +0 giant club.
The hound barks!
You hear an angry hiss.
A ball python comes into view.
You closely miss the hound. The hound bites you but does no damage.
The hound bites you.
* * * LOW HITPOINT WARNING * * *
You closely miss the hound. The hound bites you.
* * * LOW HITPOINT WARNING * * *
The hound barely misses you.
You closely miss the hound. The hound barely misses you.
The hound bites you but does no damage.
You closely miss the hound. The hound bites you but does no damage.
The hound bites you.
You die...

....h......
..#8..8....._.
#.#...........
###............
....∩..∩ .∩..♣
##..#..###...#
.............#
#....###S##.#
#...<#.)@h..#
#...##.#.####
#......#.#
#........#
#..†..####
#.....+ #.....#
.......#
.#####..#


You could see a hound and a ball python.

Vanquished Creatures
  An ogre (D:3)
  An adder (D:2)
  2 dart slugs (D:1)
  4 bats
  4 endoplasms
  3 giant cockroaches
  2 goblins
  A hobgoblin (D:2)
  3 jackals (D:1)
  4 kobolds
  2 quokkas
  2 ball pythons
  2 frilled lizards
  3 rats
34 creatures vanquished.

Notes
Turn   | Place    | Note
-------+----------+-------------------------------------------
     0 | D:1      | HallandMoats the Demonspawn Fighter began the quest for the
                  | Orb.
     0 | D:1      | Reached XP level 1. HP: 18/18 MP: 1/1
   198 | D:1      | Reached skill level 1 in Invocations
   198 | D:1      | Gained mutation: You are partially covered in razor-sharp
                  | scales. (AC +1, Slay +1) [demonic ancestry]
   198 | D:1      | Reached XP level 2. HP: 24/24 MP: 2/2
  1439 | D:2      | Reached XP level 3. HP: 29/29 MP: 4/4
  2189 | D:3      | Found a faded altar of an unknown god.
  2189 | D:3      | Noticed an ogre
  2197 | D:3      | Killed an ogre
  2198 | D:3      | Reached skill level 1 in Dodging
  2198 | D:3      | Reached XP level 4. HP: 6/37 MP: 5/5
  2203 | D:3      | Slain by a hound

Illustrated notes

Levels and vault maps discovered:
D:1:      beargit_arrival_greenhouse, layout_basic
D:2:      layout_loops_cross
D:3:      kb_forest_paths, layout_basic, hellmonk_ecumenical_altar_arch_garden,
          uniq_terence

Skill      XL: |  1  2  3 |
---------------+----------+-----
Invocations    | 1 2 |  2.6
Axes           | 2 |  2.6
Armour         | 3 |  3.0
Dodging        | 1 |  1.1
Shields        | 3 |  3.0
Fighting       | |  3.7

Action                   |  1- 3 |  4- 6 || total
-------------------------+-------+-------++-------
Melee: War axe           |    84 |     4 ||    88
  Use: Potion            |     1 |       ||     1
Armor: Scale mail        |    40 |     3 ||    43
Dodge: Dodged            |    45 |     2 ||    47
Block: Buckler           |    23 |       ||    23

Table legend: (Time is in decaauts)
 A = Elapsed time spent in this place.
 B = Non-inter-level travel time spent in this place.
 C = Inter-level travel time spent in this place.
 D = Time resting spent in this place.
 E = Time spent auto-exploring this place.
 F = Levels seen in this place.
 G = Mean time per level.
                   A        B        C        D        E       F      G
               +--------+--------+--------+--------+--------+-----+--------+
         Total |   2251 |   2150 |    101 |      9 |   1849 |   3 |  750.3 |
       Dungeon |   2251 |   2150 |    101 |      9 |   1849 |   3 |  750.3 |
               +--------+--------+--------+--------+--------+-----+--------+

Top non-repeatable levels by time:
     D:1: 1456 daAuts
     D:2: 725 daAuts
     D:3: 69 daAuts
